 Dungeon Crawl Stone Soup version 0.32-a0-660-g97ce250973 (webtiles) character file.

Game seed: 15222153124980437253

1665 GeoRichter the Carver (level 9, -7/57 (65) HPs)
             Began as a Coglin Warper on Mar 9, 2024.
             Was an Initiate of Yredelemnul.
             Mangled by a wight
             ... wielding a +2 great sword
              (12 damage)
             ... on level 7 of the Dungeon.
             The game lasted 00:12:55 (6173 turns).

GeoRichter the Carver (Coglin Warper)               Turns: 6173, Time: 00:12:56

HP:   -7/57 (65)    AC:  9    Str: 11    XL:     9   Next: 1%
MP:   11/11         EV: 10    Int: 13    God:    Yredelemnul [......]
Gold: 543           SH:  0    Dex: 18    Spells: 11/11 levels left

rFire   + . .        s - +3 scimitar {Kiyoto}
rCold   . . .        n - +0 short sword of Fecoz {speed, rPois rF+ rCorr}
rNeg    . . .        e - +0 ring mail
rPois   +            (no helmet)
rElec   .            p - +2 cloak
rCorr   +            h - +0 pair of gloves
SInv    .            (no boots)
Will    .....        (amulet unavailable)
Stlth   +            (ring unavailable)
HPRegen 0.29/turn    (ring unavailable)
MPRegen 0.12/turn    (no gizmo)

%: no passive effects
@: about to teleport, marked, wreathed by umbra, heavily drained, revving
A: off-hand wielding, slow wielding, warmup strikes, no jewellery
a: Invent Gizmo, Renounce Religion, Light the Black Torch, Recall Undead Harvest


You were on level 7 of the Dungeon.
You worshipped Yredelemnul.
Yredelemnul was noncommittal.
You visited 2 branches of the dungeon, and saw 8 of its levels.
You also visited: Sewer and Ossuary.

You collected 543 gold pieces.

Inventory:

Hand Weapons
 n - the +0 short sword of Fecoz (offhand) {speed, rPois rF+ rCorr}
   (You found it on level 2 of the Dungeon)

   rF+:       It protects you from fire.
   rPois:     It protects you from poison.
   rCorr:     It protects you from acid and corrosion.
 s - a +3 scimitar (weapon) {Kiyoto}
   (You took it off a wight on level 6 of the Dungeon)
Missiles
 d - 7 darts of dispersal (quivered) {!f}
 q - 25 poisoned darts
 B - a curare-tipped dart {!f}
Armour
 e - a +0 ring mail (worn)
   (You found it on level 2 of the Dungeon)
 h - a +0 pair of gloves (worn)
   (You found it on level 1 of the Dungeon)
 p - a +2 cloak (worn)
   (You found it on level 3 of the Dungeon)
 E - a +2 helmet
   (You found it on level 7 of the Dungeon)
Scrolls
 c - 3 scrolls of blinking
 f - 8 scrolls of teleportation {@r4}
 k - a scroll of fog {unknown}
 o - 4 scrolls of amnesia
 u - 2 scrolls of butterflies
 x - 3 scrolls of fear
 y - 2 scrolls of poison {unknown}
 z - a scroll of immolation {unknown}
 A - a scroll of vulnerability {unknown}
 C - a scroll of enchant armour {unknown}
Potions
 a - a potion of magic {unknown}
 b - 2 potions of degeneration {unknown}
 g - 2 potions of attraction {!q}
 i - 3 potions of invisibility
 j - a potion of enlightenment {unknown}
 l - 4 potions of curing {@q1}
 m - 4 potions of heal wounds {@q2}
 r - 3 potions of might {unknown}
 t - 2 potions of ambrosia {unknown}
 v - 2 potions of brilliance {unknown}
 w - 2 potions of mutation {unknown}
 D - a potion of lignification {unknown}


   Skills:
 + Level 4.0 Fighting
 * Level 10.1 Long Blades
 - Level 0.8 Throwing
 - Level 0.8 Armour
 - Level 1.7 Dodging
 - Level 1.7 Spellcasting
 - Level 3.0 Translocations
 + Level 2.6 Invocations


You had 11 spell levels left.
You didn't know any spells.
Your spell library contained the following spells:

 Spells                   Type           Power      Damage    Failure   Level
 Blink                    Tloc           16%        N/A       28%         2
 Lesser Beckoning         Tloc           16%        N/A       28%         2
 Teleport Other           Tloc           8%         N/A       50%         3
 Magic Dart               Conj           4%         1d3       54%         1
 Call Imp                 Summ           2%         N/A       67%         2
 Ensorcelled Hibernation  Hex/Ice        2%         N/A       67%         2
 Volatile Blastmotes      Fire/Tloc      10%        2d10      71%         3
 Dazzling Flash           Conj/Hex       2%         N/A       88%         3
 Fugue of the Fallen      Necr           1%         N/A       88%         3
 Manifold Assault         Tloc           8%         N/A       88%         4
 Vhi's Electric Charge    Tloc/Air       10%        N/A       98%         4
 Anguish                  Hex/Necr       0%         N/A       99%         4
 Starburst                Conj/Fire      0%         6d3       100%        6
 Maxwell's Capacitive Co  Air            0%         ∞         100%        8


Dungeon Overview and Level Annotations

Branches:
Dungeon (7/15) Zot: 26880  Temple (1/1) D:5 Zot: 5971   Sewer (visited)
Ossuary (visited)

Altars:
Ashenzari
Dithmenos
Elyvilon
Fedhas
Gozag
Hepliaklqana
Kikubaaqudgha
Nemelex Xobeh
Qazlal
Ru
Trog
Uskayaw
Vehumet
Wu Jian
Xom
Yredelemnul
Zin
The Shining One

Shops:
D:1 *   D:3 (   D:4 =   D:7 :


Innate Abilities, Weirdness & Mutations

You can wield a second weapon in your off-hand.
It takes a long time for you to wield or remove held weapons.
Your first few attacks do less damage.
You cannot equip rings or amulets.


Message History

You hit the wight with your +3 scimitar.
The wight is lightly damaged.
You hit the wight but do no damage.
The wight hits you with a +5 great sword.
You barely miss the wight with the +0 short sword of Fecoz.
The wight is lightly damaged.
You closely miss the wight with your +3 scimitar.
The wight hits you with a +5 great sword!
You feel drained.
You hit the wight but do no damage.
The wight is lightly damaged.
You hit the wight but do no damage. You hit the wight but do no damage.
The wight is lightly damaged.
You hit the wight with your +3 scimitar.
The wight hits you with a +5 great sword!
* * * LOW HITPOINT WARNING * * *
You feel drained.
* * * LOW HITPOINT WARNING * * *
A sky beast comes into view.
You hit the wight with the +0 short sword of Fecoz.
The wight is moderately damaged.
You slash the wight with your +3 scimitar!
The wight hits you with a +5 great sword.
* * * LOW HITPOINT WARNING * * *
You feel drained.
* * * LOW HITPOINT WARNING * * *
The sky beast flickers out of sight!
Deactivating autopickup; reactivate with Ctrl-A.
Okay, then.
You hit the wight but do no damage.
The wight is almost destroyed.
You closely miss the wight with your +3 scimitar.
As you read the scroll of teleportation {@r4}, it crumbles to dust.
You feel strangely unstable.
A bullfrog comes into view.
The wight barely misses you.
Unknown command.
You closely miss the wight with your +3 scimitar.
The wight is almost destroyed.
You barely miss the wight with the +0 short sword of Fecoz.
The wight hits you with a +5 great sword!
* * * LOW HITPOINT WARNING * * *
You feel drained.
* * * LOW HITPOINT WARNING * * *
The bullfrog closely misses you.
An ogre comes into view. It is wielding a +0 giant club.
The wight hits you with a +2 great sword!
You die...
Your body rises from the dead as a mindless zombie.

.. #.. ....##..#.##......#
##..###...#### ####
###.... ..O...#..#ß## #...
........... #... .........
#..# #...... #.## ##....
###.
#..#....#################.
........F@zz.#........)...
..##.###z##Z.....##.......
###.................
#..z...#.........##.
.......#..#..##....###.
......z##.....#..#### #.
#.....##....#....# ##
##..###......#....#
?...##...##.....###


You could see an ogre, a bullfrog, 3 wights and a friendly sky beast zombie.

Vanquished Creatures
  2 water moccasins (D:6)
  A sky beast (D:7)
  A phantom (D:6)
  4 kobold brigands (Sewer)
  4 scorpions
  3 wights (D:6)
  A bombardier beetle (D:7)
  An orc priest (D:4)
  A jelly (D:7)
  A sleepcap (D:6)
  Jessica (D:3)
  2 orc wizards
  An iguana (D:6)
  9 mummies
  15 adders
  2 ufetubi (D:5)
  3 dart slugs
  10 orcs
  13 ball pythons
  9 endoplasms
  6 giant cockroaches
  A gnoll zombie (Ossuary)
  3 goblins
  5 hobgoblins
  4 jackals
  8 kobolds
  7 quokkas
  5 bats
  2 frilled lizards
  A hobgoblin zombie (Ossuary)
  3 kobold zombies (Ossuary)
  3 orc zombies (Ossuary)
  11 rats
143 creatures vanquished.

Vanquished Creatures (collateral kills)
  A hound (D:5)
  A ribbon worm (Sewer)
2 creatures vanquished.

Vanquished Creatures (others)
  A scorpion zombie (D:6)
  2 adder zombies (Sewer)
  A bombardier beetle zombie (D:7)
  An endoplasm zombie (Sewer)
  A quokka zombie (D:6)
6 creatures vanquished.

Grand Total: 151 creatures vanquished

Notes
Turn   | Place    | Note
-------+----------+-------------------------------------------
     0 | D:1      | GeoRichter the Coglin Warper began the quest for the Orb.
     0 | D:1      | Reached XP level 1. HP: 16/16 MP: 3/3
   140 | D:1      | Reached XP level 2. HP: 22/22 MP: 4/4
   289 | D:1      | Reached skill level 3 in Long Blades
   299 | D:1      | Found Osaxun's General Store.
   836 | D:2      | Reached XP level 3. HP: 26/27 MP: 5/5
  1091 | D:2      | Reached skill level 4 in Long Blades
  1129 | D:2      | Reached XP level 4. HP: 33/33 MP: 6/6
  1186 | D:2      | Identified the +0 short sword of Fecoz {speed, rPois rF+
                  | rCorr}
  1706 | D:3      | Found a blossoming altar of Fedhas.
  1706 | D:3      | Found a glowing golden altar of the Shining One.
  1757 | D:3      | Noticed Jessica
  1762 | D:3      | Killed Jessica
  1812 | D:3      | Found Toddaum's Antique Weapon Shoppe.
  2060 | D:3      | Found a faded altar of an unknown god.
  2159 | D:3      | Reached skill level 5 in Long Blades
  2170 | D:3      | Reached XP level 5. HP: 38/38 MP: 7/7
  2360 | D:4      | Found the amulet of Vitality {Regen++ RegenMP++}
  2682 | D:4      | Reached skill level 6 in Long Blades
  2849 | D:4      | Reached XP level 6. HP: 44/44 MP: 8/8
  2858 | D:4      | Found Piefer's Jewellery Shop.
  3056 | D:5      | Entered Level 5 of the Dungeon
  3225 | D:5      | Found a staircase to the Ecumenical Temple.
  3244 | Temple   | Entered the Ecumenical Temple
  3258 | Temple   | Became a worshipper of Yredelemnul the Fallen
  3488 | D:5      | Reached skill level 7 in Long Blades
  3547 | D:5      | Reached XP level 7. HP: 34/50 MP: 9/9
  3670 | D:5      | Found a sand-covered staircase.
  3682 | Ossuary  | Entered an ossuary
  3881 | Ossuary  | HP: 2/50 [mummy (14)]
  4301 | D:5      | Reached skill level 8 in Long Blades
  4653 | D:6      | Found a glowing drain.
  4672 | Sewer    | Entered a sewer
  4889 | Sewer    | Reached XP level 8. HP: 53/56 MP: 10/10
  4926 | Sewer    | Reached skill level 9 in Long Blades
  5059 | Sewer    | Reached skill level 1 in Invocations
  5299 | D:6      | Found a stormy altar of Qazlal.
  5913 | D:6      | Found a sparkling altar of Nemelex Xobeh.
  6086 | D:7      | Reached skill level 10 in Long Blades
  6115 | D:7      | Found Qassaff's Self-Published Books.
  6137 | D:7      | Reached XP level 9. HP: 61/65 MP: 11/11
  6173 | D:7      | Mangled by a wight

Illustrated notes

Levels and vault maps discovered:
D:1:      sevenhm_arrival_forest_fort_small_3, layout_loops_ring, serial_shops,
          shop
D:2:      layout_loops_ring, minivault_23, minivault_5, minmay_tall_x
D:3:      layout_loops_cross, grunt_temple_overflow_open,
          dreamdust_ecumenical_altar_angels_and_demons, serial_shops, shop,
          hangedman_abyss_or_decor_lesser_grid, minmay_misc_feat_diagonals,
          uniq_jessica
D:4:      layout_rooms, serial_shops, shop, dreamdust_wishing_well
D:5:      layout_gridville, minmay_temple_entry_slanted,
          gup_ossuary_entry_pyramid
D:6:      layout_loops_ring, mainiacjoe_overflow_alcove_2,
          nemelex_spade_bored_becter, gup_sewer_entry_pipe, nicolae_titane
D:7:      layout_cave_pools, serial_library,
          serial_library_hellmonk_statue_hall,
          serial_library_hellmonk_reading_circle,
          serial_library_hellmonk_narrow_alcove, serial_library_hellmonk_room_a,
          serial_library_hellmonk_recessed_alcove,
          serial_library_hellmonk_big_corner, serial_library_hellmonk_hallway_b,
          serial_library_hellmonk_semicircle, enter_bailey_2,
          nicolae_custom_books
Temple:   nicolae_temple_bog_church

Skill      XL: |  1  2  3  4  5  6  7  8 |
---------------+-------------------------+-----
Long Blades    | 3 4 5 6 7 8 10 | 10.1
Invocations    | 2 |  2.6
Fighting       | 4 |  4.0
Throwing       | |  0.8
Armour         | |  0.8
Dodging        | |  1.7
Spellcasting   | |  1.7
Translocations | |  3.0

Action                     |  1- 3 |  4- 6 |  7- 9 || total
---------------------------+-------+-------+-------++-------
  Melee: Falchion          |    85 |   154 |   270 ||   509
         Dagger            |    77 |     1 |       ||    78
         Short sword       |       |   138 |   305 ||   443
         Scimitar          |       |       |    45 ||    45
 Invoke: Light the Black T |       |     1 |     4 ||     5
    Use: Scroll            |       |     5 |     6 ||    11
         Potion            |       |       |     2 ||     2
   Stab: Sleeping          |     1 |       |       ||     1
 Armour: Leather armour    |    54 |    10 |       ||    64
         Ring mail         |       |    95 |   143 ||   238
  Dodge: Dodged            |    50 |    83 |   131 ||   264

Table legend: (Time is in decaauts)
 A = Elapsed time spent in this place.
 B = Non-inter-level travel time spent in this place.
 C = Inter-level travel time spent in this place.
 D = Time resting spent in this place.
 E = Time spent auto-exploring this place.
 F = Levels seen in this place.
 G = Mean time per level.
                   A        B        C        D        E       F      G
               +--------+--------+--------+--------+--------+-----+--------+
         Total |   6140 |   5913 |    227 |     96 |   4138 |  10 |  614.0 |
       Dungeon |   5066 |   4852 |    214 |     85 |   3511 |   7 |  723.7 |
        Temple |     28 |     15 |     13 |      0 |      0 |   1 |   28.0 |
         Sewer |    554 |    554 |      0 |      0 |    325 |   1 |  554.0 |
       Ossuary |    491 |    491 |      0 |     11 |    302 |   1 |  491.0 |
               +--------+--------+--------+--------+--------+-----+--------+

Top non-repeatable levels by time:
     D:5: 963 daAuts
     D:2: 962 daAuts
     D:6: 945 daAuts
     D:3: 743 daAuts
     D:1: 742 daAuts
     D:4: 590 daAuts
   Sewer: 554 daAuts
 Ossuary: 491 daAuts
     D:7: 119 daAuts
  Temple: 28 daAuts
